Cogmind - Beta 15 *** ADVENTURER MODE // 2025.08.12 @ 21:20:17 Player: Gentle Jesus Result: Destroyed by H-88 Terminator with KE Penetrator Performance ------------- Evolutions (9) 4500 Regions Visited (29) 5800 Robots Destroyed (149) 745 Value Destroyed (6839) 6839 Prototype IDs (8) 160 Alien Tech Used (1) 200 Bonus (6561) 6561 TOTAL SCORE: 24805 Bonus ------- High Alert Combat Kills 34 Follower Combat Kills 4525 Met Imprinter 300 Was Imprinted 300 MAIN.C Attacked Warlord 500 Built Enhanced Grunts 300 A7 Reached Mainframe 300 Met R17 at Cetus 500 Friendly Fire -198 Cogmind --------- Core Integrity 0/1600 Matter 276/300 Energy 51/100 System Corruption 6% Temperature Cool (0) Movement Hovering (70) Location -1/Access Parts ------- > --- POWER (3) -------- (None) > --- PROPULSION (9) --- Gyrokinetic Inverter > --- UTILITY (11) ----- Advanced Signal Interpreter > --- WEAPON (2) ------- (None) > --- INVENTORY (5) ---- High-capacity Matter Pod (200) ECM Suite Peak State ------------ > --- POWER ------------ Light Antimatter Reactor Particle Reactor > --- PROPULSION ------- Flexi-carbon Leg Flexi-carbon Leg Myomer Leg Myomer Leg Myomer Leg Biometal Leg Biometal Leg > --- UTILITY ---------- Advanced Cryofiber Web Advanced Heat Sink Advanced Heat Sink Medium Storage Unit Advanced Signal Interpreter Advanced Terrain Scan Processor Core Analyzer Cloaking Device Improved Point Defense System System Shield > --- WEAPON ----------- Vortex Shotgun Heavy Neutron Cannon > --- INVENTORY -------- Light Antimatter Reactor Flexi-carbon Leg Flexi-carbon Leg Myomer Leg High-capacity Matter Pod Advanced Weight Redist. System Improved Thermal Shield Heavy Rocket Launcher Heavy Missile Launcher Remote Datajack [Rating: 129] Favorites ----------- Power Quantum Reactor Engine Light Angular Momentum Engine Power Core Light Fission Core Reactor Quantum Reactor Propulsion Flexi-carbon Leg Treads Medium Treads Leg Flexi-carbon Leg Wheel Armored Huge Wheel Hover Unit Linear Gravjet Flight Unit Q-thruster Utility Medium Storage Unit Device Advanced Heat Sink Storage Medium Storage Unit Processor Advanced Signal Interpreter Hackware System Shield Protection Improved Light Armor Plating Weapon Heavy Ion Cannon Energy Gun Vortex Shotgun Energy Cannon Heavy Ion Cannon Ballistic Gun Minigun Ballistic Cannon Bore Cannon Launcher Heavy Missile Launcher Special Weapon Plasma Cutter Build | -11 -10 -10 -9 -9 -9 -8 -8 -7 -7 -7 -7 -6 -6 -6 -6 -6 -6 -6 -6 -5 -5 -5 -5 -4 -4 -3 -3 -2 -1 ------- Run | Yrd Mat Min Mat Min Exi Min Mat Fac Low Low Zio Pro Fac Was Fac Ext Cet Arc Hub Fac Upp Upp War Pro Fac Res Arm Res Acc Slots Evolved 18 | . . . 2 . . . 2 2 . . . . 2 . . . . . . 2 . . . . 2 2 . 2 2 Power 2 | . . . . . . . . . . . . . 1 . . . . . . . . . . . . . . . 1 Propulsion 7 | . . . 2 . . . . . . . . . 1 . . . . . . . . . . . 1 1 . 2 . Utility 9 | . . . . . . . 2 2 . . . . . . . . . . . 2 . . . . 1 1 . . 1 Weapon . | . . . . . . . . . . . . . . . . . . . . . . . . . . . . . . Parts Attached 202 | 7 1 3 2 . . 7 9 10 5 1 2 . 2 4 12 16 1 1 7 4 1 7 2 4 6 13 26 27 22 Power 34 | 1 . 1 . . . 1 1 . 1 . . . 1 3 1 4 1 . 1 . . 2 . . 1 2 5 5 3 Engine 9 | 1 . 1 . . . 1 . . 1 . . . 1 . . 2 . . 1 . . 1 . . . . . . . Core 8 | . . . . . . . 1 . . . . . . 1 1 2 . . . . . 1 . . 1 1 . . . Reactor 17 | . . . . . . . . . . . . . . 2 . . 1 . . . . . . . . 1 5 5 3 Propulsion 73 | 2 . 1 2 . . 3 1 2 . . . . 1 . 5 8 . . 4 2 . 2 . 1 2 6 13 11 7 Treads 5 | . . . . . . . . . . . . . . . . . . . . . . 2 . 1 1 1 . . . Leg 33 | 2 . 1 . . . 2 . . . . . . . . . 8 . . 4 2 . . . . 1 5 8 . . Wheel 10 | . . . . . . 1 1 2 . . . . 1 . 5 . . . . . . . . . . . . . . Hover 20 | . . . 2 . . . . . . . . . . . . . . . . . . . . . . . . 11 7 Flight 5 | . . . . . . . . . . . . . . . . . . . . . . . . . . . 5 . . Utility 56 | 2 . . . . . 1 4 4 4 1 2 . . . 3 1 . . 1 2 1 2 1 1 2 4 6 7 7 Device 27 | 1 . . . . . 1 1 . 3 . . . . . 2 1 . . 1 1 1 2 . . 1 3 2 4 3 Storage 4 | 1 . . . . . . 1 . . 1 . . . . . . . . . . . . . . . . . . 1 Processor 13 | . . . . . . . 1 1 1 . 1 . . . 1 . . . . 1 . . 1 1 . . 2 2 1 Hackware 5 | . . . . . . . . 2 . . . . . . . . . . . . . . . . . . 1 1 1 Protection 7 | . . . . . . . 1 1 . . 1 . . . . . . . . . . . . . 1 1 1 . 1 Artifact . | . . . . . . . . . . . . . . . . . . . . . . . . . . . . . . Weapon 39 | 2 1 1 . . . 2 3 4 . . . . . 1 3 3 . 1 1 . . 1 1 2 1 1 2 4 5 Energy Gun 8 | 1 . 1 . . . . . 1 . . . . . 1 . 2 . . . . . . 1 1 . . . . . Energy Cannon 6 | . . . . . . . . 1 . . . . . . 1 . . . 1 . . . . . 1 . . 1 1 Ballistic Gun 4 | 1 . . . . . 1 . . . . . . . . . . . . . . . . . 1 . . . . 1 Ballistic Cannon 12 | . . . . . . 1 1 2 . . . . . . . 1 . 1 . . . . . . . 1 2 1 2 Launcher 4 | . . . . . . . 2 . . . . . . . 1 . . . . . . 1 . . . . . . . Special Weapon 5 | . 1 . . . . . . . . . . . . . 1 . . . . . . . . . . . . 2 1 Impact Weapon . | . . . . . . . . . . . . . . . . . . . . . . . . . . . . . . Slashing Weapon . | . . . . . . . . . . . . . . . . . . . . . . . . . . . . . . Piercing Weapon . | . . . . . . . . . . . . . . . . . . . . . . . . . . . . . . Special Melee Weapon . | . . . . . . . . . . . . . . . . . . . . . . . . . . . . . . Unidentified Prototypes 9 | . . . . . . . . 1 . . . . . 1 . 3 . . . . . 1 1 . 1 . 1 . . Corrupted Parts 1 | . . . 1 . . . . . . . . . . . . . . . . . . . . . . . . . . System Corruption 2 | . . . 2 . . . . . . . . . . . . . . . . . . . . . . . . . . Parts Lost 121 | . . 7 . 5 . . 1 2 4 . . . . . 11 5 . 1 . . . 13 . 2 1 9 17 18 25 Power 23 | . . 1 . 1 . . . . 1 . . . . . 2 2 . . . . . 2 . 1 . 1 5 2 5 Propulsion 42 | . . 2 . 3 . . . . . . . . . . 4 2 . . . . . 6 . . 1 3 7 8 6 Utility 35 | . . 1 . . . . . 2 3 . . . . . 2 1 . . . . . 3 . 1 . 4 4 5 9 Weapon 21 | . . 3 . 1 . . 1 . . . . . . . 3 . . 1 . . . 2 . . . 1 1 3 5 Highest Loss Streak 12 | . . 5 . 5 . . 1 1 4 . . . . . 8 3 . 1 . . . 6 . 1 1 7 12 10 11 To Critical Strikes 4 | . . . . . . . . . . . . . . . . . . . . . . 1 . 1 . . . 1 1 Average Backups 7 | . 3 4 4 3 3 3 7 9 5 5 8 9 8 8 7 7 10 9 9 10 10 6 6 8 9 9 8 4 3 Power . | . 1 1 1 1 1 . 1 1 . . 1 1 . . . . 1 1 1 1 1 . 1 1 . . 1 . . Propulsion . | . . . . . . . . . . . . . . . . . 2 2 2 2 2 . . . . . 1 . . Utility 2 | . 1 2 2 2 2 3 3 4 2 2 3 4 4 4 3 5 4 4 3 3 3 2 2 2 3 2 1 1 2 Weapon 2 | . . . . . . . 2 3 3 3 3 3 3 3 1 . 2 1 2 3 3 2 2 4 5 4 2 1 . Tool/Special . | . . . . . . . . . . . . . . . . . . . . . . . . . . . . . . Unused Backups 11 | . . . . . . . 1 2 . . . . . . . . . . 2 1 . . . . 1 . 2 1 1 Power 1 | . . . . . . . . . . . . . . . . . . . . . . . . . 1 . . . . Propulsion 4 | . . . . . . . . . . . . . . . . . . . 1 1 . . . . . . 2 . . Utility 4 | . . . . . . . 1 1 . . . . . . . . . . 1 . . . . . . . . . 1 Weapon 2 | . . . . . . . . 1 . . . . . . . . . . . . . . . . . . . 1 . Tool/Special . | . . . . . . . . . . . . . . . . . . . . . . . . . . . . . . Average Slot Usage (%) 79 | . 100 87 46 33 . 51 88 85 76 78 84 84 80 86 75 89 100 95 100 91 98 86 75 79 78 90 87 52 45 Engine 4 | . 14 13 11 5 . 9 3 . 6 7 7 7 13 8 3 6 . . 3 5 5 4 5 5 . . . . . Core 1 | . . . . . . . 6 7 . . . . . . 2 3 11 6 2 . . . . . 3 . 1 . . Reactor 3 | . . . . . . . . . . . . . . 3 4 . 1 6 6 5 5 5 5 5 5 8 5 4 7 Leg 11 | . 28 27 11 5 . 11 18 . . . . . . . . 18 33 33 33 28 29 19 11 11 10 22 26 . . Wheel 6 | . . . . . . 9 17 19 15 15 15 15 13 20 14 7 . . . . . . . . . . . . . Hover 1 | . . . 13 8 . . . . . . . . . . . . . . . . . . . . . . . 12 18 Device 10 | . 14 4 . . . . 7 7 14 15 8 7 6 6 5 7 13 13 13 15 21 17 17 12 5 14 16 6 2 Storage 8 | . 14 14 11 8 . . 7 7 7 9 15 15 13 13 13 10 6 6 6 5 5 10 11 11 10 9 3 . 3 Processor 13 | . . . . . . . 8 7 8 7 13 15 13 13 16 20 20 20 20 17 17 13 13 19 21 16 16 14 6 Protection 2 | . . . . . . . 6 12 6 7 7 7 6 6 2 . . . . . . . . . 2 3 1 . . Energy Gun 1 | . 2 9 . . . . . . . . . . . 1 5 1 6 . . . . . 1 4 5 3 1 . . Energy Cannon 3 | . . . . . . . . 6 7 7 7 7 6 6 4 4 . . 4 5 5 2 . . 4 3 2 . 1 Ballistic Cannon 4 | . . . . . . 9 8 7 7 7 7 7 6 4 . 1 6 7 7 5 5 5 5 3 . . 3 1 . Peak Build Rating 129 | 7 8 8 5 7 . 11 25 45 44 43 46 46 52 62 62 74 74 74 78 86 92 93 74 74 89 124 129 110 112 Average Rating 59 | 5 7 6 4 2 . 9 21 40 39 39 45 46 49 54 45 60 70 69 74 82 90 74 64 71 79 109 109 73 74 On Entrance 46 | . 7 8 2 5 . . 11 23 44 39 43 46 46 52 62 56 70 74 73 78 86 92 64 74 68 89 87 48 59 Naked Turns 216 | . . . . 16 165 35 . . . . . . . . . . . . . . . . . . . . . . . Heaviest Build 90 | 13 13 15 8 9 . 12 30 39 39 40 43 43 47 64 64 43 52 56 57 61 63 66 62 64 72 90 68 60 55 Greatest Support 171 | 20 20 20 12 6 3 20 22 56 56 56 56 56 68 68 68 120 109 109 114 120 120 120 40 40 60 156 171 66 85 Greatest Overweight (x) 4 | 1 . . 1 2 . 1 2 1 . . . . 1 . 2 3 . . . . . 2 1 1 1 1 4 4 1 Average Overweight (x) . | . . . . . . . . . . . . . . . . . . . . . . . 1 1 1 . . . . Largest Inventory Capacity 10 | 8 8 8 8 8 5 5 10 10 10 10 10 10 10 10 10 10 10 10 10 10 10 10 10 10 10 10 10 5 10 Average Capacity 9 | 7 8 8 8 6 5 5 9 10 10 10 10 10 10 10 10 10 10 10 10 10 10 10 10 10 10 10 9 5 9 Most Carried 10 | 2 4 6 4 3 4 4 9 10 9 7 9 9 9 9 9 10 10 10 10 10 10 10 8 10 10 10 10 5 6 Average Carried 7 | . 3 4 4 3 3 3 7 9 5 5 8 9 8 8 7 7 10 9 9 9 10 6 6 8 9 9 8 4 3 Final Capacity 10 | 8 8 8 8 5 5 5 10 10 10 10 10 10 10 10 10 10 10 10 10 10 10 10 10 10 10 10 5 5 5 Final Carried 10 | 2 4 5 4 3 4 4 8 9 5 7 9 9 8 9 7 10 10 9 10 10 10 5 8 10 10 7 4 5 2 Class Distribution -------------------- 31% | Scavenger-Mutant 21% | Mutant 18% | Scavenger-Skirmisher 11% | Hacker-Mutant 7% | Commander-Mutant 5% | Commander-Skirmisher Dominant Class ---------------- Mutant | -10/Materials Mutant | -10/Mines Mutant | -9/Materials Mutant | -9/Mines Mutant | -9/Exiles Mutant | -8/Mines Mutant | -8/Materials Hacker-Mutant | -7/Factory Mutant | -7/Lower Caves Mutant | -7/Lower Caves Scavenger-Skirmisher | -7/Zion Scavenger-Skirmisher | -6/Proximity Caves Scavenger-Skirmisher | -6/Factory Scavenger-Skirmisher | -6/Waste Scavenger-Skirmisher | -6/Factory Commander-Skirmisher | -6/Extension Commander-Skirmisher | -6/Cetus Commander-Mutant | -6/Archives Scavenger-Skirmisher | -6/Hub_04(d) Scavenger-Skirmisher | -5/Factory Scavenger-Skirmisher | -5/Upper Caves Scavenger-Mutant | -5/Upper Caves Commander-Mutant | -5/Warlord Scavenger-Mutant | -4/Proximity Caves Scavenger-Mutant | -4/Factory Scavenger-Mutant | -3/Research Scavenger-Mutant | -3/Armory Hacker-Mutant | -2/Research Hacker-Mutant | -1/Access Resources | -11 -10 -10 -9 -9 -9 -8 -8 -7 -7 -7 -7 -6 -6 -6 -6 -6 -6 -6 -6 -5 -5 -5 -5 -4 -4 -3 -3 -2 -1 ----------- Run | Yrd Mat Min Mat Min Exi Min Mat Fac Low Low Zio Pro Fac Was Fac Ext Cet Arc Hub Fac Upp Upp War Pro Fac Res Arm Res Acc Matter Collected 5421 | 246 . 191 23 . 6 194 178 521 257 71 49 . . 70 289 294 145 38 160 108 74 353 1 298 59 244 381 752 419 Remotely 331 | . . . . . . . . . . . . . . . . . . . . . . . . . . . . 331 . Salvage Created 5366 | 79 . 191 . 20 . 190 212 419 284 61 . . . . 313 101 61 . 193 110 225 600 . 300 201 440 312 622 432 Parts 272 | 5 . 10 . . . 10 18 28 8 3 . . . . 29 3 3 . 4 9 6 22 . 25 3 13 13 39 21 Haulers Intercepted 1 | . . . . . . . . . . . . . . . . . . . . . . . . . 1 . . . . Recyclers Shooed 2 | . . . . . . . . . . . . . . . . 1 . . 1 . . . . . . . . . . Parts Field Recycled . | . . . . . . . . . . . . . . . . . . . . . . . . . . . . . . Retrieved Matter . | . . . . . . . . . . . . . . . . . . . . . . . . . . . . . . Parts Self-Destructed 57 | . . . . . . . . . 8 3 1 1 . . . . . . . . 7 15 . 22 . . . . . Prevented 3 | . . . . . . . . . . . . 2 . . . . . . . . 1 . . . . . . . . Kills | -11 -10 -10 -9 -9 -9 -8 -8 -7 -7 -7 -7 -6 -6 -6 -6 -6 -6 -6 -6 -5 -5 -5 -5 -4 -4 -3 -3 -2 -1 ------- Run | Yrd Mat Min Mat Min Exi Min Mat Fac Low Low Zio Pro Fac Was Fac Ext Cet Arc Hub Fac Upp Upp War Pro Fac Res Arm Res Acc Combat Hostiles Destroyed 122 | . . 4 . 1 . 6 8 12 8 1 . . . . 9 1 1 . 1 4 5 9 . 15 3 9 8 11 6 Guns 22 | . . 4 . . . 3 . . . . . . . . 3 . . . . . . . . 6 1 1 2 . 2 Cannons 75 | . . . . 1 . 3 3 12 8 1 . . . . 1 . 1 . . 4 4 8 . 1 2 6 5 11 4 AOE 21 | . . . . . . . 5 . . . . . . . 5 . . . . . . . . 8 . 2 1 . . Classes Destroyed 17 | 2 . 1 . 1 . 1 4 1 . . . . . . 2 . . . . . . 2 . . 1 1 1 . . Worker 3 | . . . . . . . 1 . . . . . . . . . . . . . . . . . . . . 2 . Builder 8 | . . . . . . . . . . . . . . . 5 . . . . 1 . . . . . . . 2 . Tunneler 3 | 1 . . . . . . . . . . . . . . 2 . . . . . . . . . . . . . . Hauler 1 | . . . . . . . . . . . . . . . . . . . . . . . . . 1 . . . . Recycler 5 | 1 . . . . . . . . . . . . . . . . . . 1 . . . . . . 1 . 1 1 Operator 2 | . . . . . . . 1 . . . . . . . . 1 . . . . . . . . . . . . . Watcher 5 | . . . . . . . 1 1 . . . . . . . 1 . . . . . . . . . . . 2 . Swarmer 34 | . . . . 1 . . 3 4 . . . . . . 3 . . . . 3 2 . . 11 . . . 4 3 Grunt 42 | . . 4 . . . 5 3 5 8 . . . . . 4 1 . . 1 . 2 3 . . 1 3 1 . 1 Brawler 2 | . . . . . . 1 . . . . . . . . . . . . . . . 1 . . . . . . . Duelist 1 | . . . . . . . . . . . . . . . . . . . . . . . . . . 1 . . . Sentry 9 | . . . . . . . 2 1 . 1 . . . . . . . . . . 1 . . 1 1 . 2 . . Specialist 3 | . . . . . . . . . . . . . . . . . . . . . . . . . . . 3 . . Hunter 8 | . . . . . . . . . . . . . . . 2 . . . . 1 . 2 . . . 3 . . . Programmer 19 | . . . . . . . . 2 . . . . . . . . . . . . . . . 3 1 2 2 7 2 Behemoth 1 | . . . . . . . . . . . . . . . . . . . . . . 1 . . . . . . . Cetus Guard 1 | . . . . . . . . . . . . . . . . . 1 . . . . . . . . . . . . Mutant 2 | . . . . . . . . . . . . . . . . . . . . . . 2 . . . . . . . Best Kill Streak 9 | 2 . 2 . 1 . 5 4 3 4 1 . . . . 6 1 1 . 1 3 3 3 . 5 1 4 3 9 3 Combat Bots Only 7 | . . 2 . 1 . 5 3 3 4 1 . . . . 5 1 1 . 1 3 3 3 . 5 1 4 3 7 3 Max Kills in Single Turn 4 | 1 . 1 . 1 . 2 3 1 2 1 . . . . 2 1 1 . 1 1 1 1 . 4 1 2 1 2 1 Gunslinging . | . . . . . . . . . . . . . . . . . . . . . . . . . . . . . . Exploded 4 | . . . . . . . 2 . . . . . . . 2 . . . . . . . . 4 . 1 1 . . Melee . | . . . . . . . . . . . . . . . . . . . . . . . . . . . . . . Uniques/NPCs Destroyed . | . . . . . . . . . . . . . . . . . . . . . . . . . . . . . . Combat | -11 -10 -10 -9 -9 -9 -8 -8 -7 -7 -7 -7 -6 -6 -6 -6 -6 -6 -6 -6 -5 -5 -5 -5 -4 -4 -3 -3 -2 -1 -------- Run | Yrd Mat Min Mat Min Exi Min Mat Fac Low Low Zio Pro Fac Was Fac Ext Cet Arc Hub Fac Upp Upp War Pro Fac Res Arm Res Acc Hostile Shots Fired 1832 | . . 30 14 38 . 23 33 79 49 27 . . . . 139 63 14 7 10 22 14 99 . 56 6 177 375 156 401 Missed 643 | . . 6 7 8 . 6 12 22 14 14 . . . . 42 32 9 2 4 6 5 27 . 21 1 71 143 55 136 Hits 1189 | . . 24 7 30 . 17 21 57 35 13 . . . . 97 31 5 5 6 16 9 72 . 35 5 106 232 101 265 Melee 3 | . . . . . . . . . . . . . . . . . . . . . . 2 . . . . 1 . . Projectile 1186 | . . 24 7 30 . 17 21 57 35 13 . . . . 97 31 5 5 6 16 9 70 . 35 5 106 231 101 265 AOE 23 | . . 13 . . . . . . . . . . . . . . . . . . . . . . . . 9 . 1 Critical Strikes 43 | . . 1 1 . . . 1 3 2 . . . . . 2 . . . . . . 4 . 3 . 4 1 9 12 Actively Blocked 1 | . . . . . . . . . . . . . . . . . . . . . . . . . . . . . 1 Part Disruptions 1 | . . . . . . . . . . . . . . . . . . . . . . . . . . . 1 . . Damage Taken 18376 | 19 . 573 123 169 . 211 222 562 802 70 . 39 . . 1307 826 83 91 44 165 114 1505 . 389 93 1668 2949 2013 4339 Core 4589 | 19 . 57 40 59 . 74 35 115 39 4 . . . . 217 218 23 39 9 . 9 107 . 44 38 359 664 806 1614 Absorbed by Shields 125 | . . . . . . . . . . . . . . . . . 38 . . . . . . 87 . . . . . Redirected to Shielding 304 | . . . . . . . . . . . . . . . . . . . . . . . . . . 100 104 . 100 Ignored by Resistances 5270 | 5 . 159 36 60 . 60 95 218 128 25 . 11 . . 373 104 33 24 13 48 66 560 . 140 25 529 841 525 1192 Regen/Repaired (Parts) 366 | . . . . . . . 14 . . . . . . . . . . . . 124 . . 228 . . . . . . Core Remaining (%) 67 | 92 . 69 . . . 56 93 . . . . 77 . . . . . . 40 . . . . 84 96 . 21 44 . Volleys Fired 500 | 4 . 14 . 5 . 11 19 35 25 3 1 12 1 . 40 22 7 2 14 13 11 53 12 23 6 38 35 45 49 Largest 2 | 2 . 2 . 1 . 2 2 2 2 2 1 1 1 . 2 2 2 1 2 2 2 2 2 2 2 2 2 2 1 Hottest 178 | 60 . 85 . 20 . 62 62 105 105 105 65 65 65 . 146 134 108 48 129 129 129 133 108 108 170 170 170 178 120 Shots Fired 756 | 8 . 24 . 5 . 23 26 61 50 7 1 12 1 . 66 25 14 2 19 21 20 83 15 37 12 63 59 53 49 Gun 156 | 8 . 24 . . . 11 7 . . . . . . . 33 1 7 . . . . . 4 21 6 13 15 . 6 Cannon 553 | . . . . . . 12 14 61 50 7 1 12 1 . 21 17 7 2 19 21 20 80 11 13 6 46 43 50 39 Launcher 37 | . . . . . . . 5 . . . . . . . 11 7 . . . . . 3 . 3 . 4 1 3 . Special 10 | . . . . 5 . . . . . . . . . . 1 . . . . . . . . . . . . . 4 Kinetic 310 | 4 . 14 . . . 23 21 29 25 4 . . . . . . 7 2 15 8 9 34 11 14 . 8 19 38 25 Thermal 333 | . . 1 . 5 . . . 32 25 3 1 12 1 . 54 18 7 . 4 13 11 46 . . 6 38 24 12 20 Explosive 37 | . . . . . . . 5 . . . . . . . 11 7 . . . . . 3 . 3 . 4 1 3 . Electromagnetic 13 | 4 . 9 . . . . . . . . . . . . . . . . . . . . . . . . . . . Entropic 58 | . . . . . . . . . . . . . . . . . . . . . . . 4 20 6 13 15 . . Robot Hit Streak 26 | 6 . 15 . 8 . 15 7 16 26 2 . . . . 19 6 10 1 4 20 25 19 . 6 14 18 10 22 26 Robot Miss Streak 4 | 1 . 1 . . . 4 4 1 2 2 . . 1 . 2 1 4 1 2 . 1 2 . 4 2 4 3 2 2 Penetration Max 1 | . . . . . . . . . . . . . . . . . 1 . . . . . . . . . . . . Secondary Targets 2 | . . 2 . . . . . . . . . . . . . . . . . . . . . . . . . . . Max Gunslinging Chain 1 | . . 1 . . . . . . . . . . . . . . . . . . . . . . . . . . . Shots Hit Robots 493 | 6 . 22 . 5 . 20 17 43 35 3 . . . . 47 14 9 1 5 16 12 52 . 18 10 40 46 46 26 Core Hits 278 | 2 . 12 . 1 . 29 16 20 16 2 . . . . 30 8 3 . 2 5 7 21 . 19 8 28 19 21 9 Critical Kills 11 | . . . . . . . . . . . . . . . . . 1 . 1 . 1 4 . 1 . . 1 . 2 Critical Parts Destroyed 15 | . . . . . . . . . . . . . . . . . 1 1 . . . 4 . 2 . 1 3 . 3 Critical Strikes 37 | . . . . . . . . . . . . . . . 4 . 3 1 1 . 1 8 . 4 . 1 4 5 5 Burn 4 | . . . . . . . . . . . . . . . 4 . . . . . . . . . . . . . . Meltdown 3 | . . . . . . . . . . . . . . . . . . . 1 . 1 1 . . . . . . . Destroy 22 | . . . . . . . . . . . . . . . . . 3 1 . . . 7 . 3 . . 3 . 5 Blast 5 | . . . . . . . . . . . . . . . . . . . . . . . . . . . . 5 . Detonate 3 | . . . . . . . . . . . . . . . . . . . . . . . . 1 . 1 1 . . Melee Attacks . | . . . . . . . . . . . . . . . . . . . . . . . . . . . . . . Impact . | . . . . . . . . . . . . . . . . . . . . . . . . . . . . . . Slashing . | . . . . . . . . . . . . . . . . . . . . . . . . . . . . . . Piercing . | . . . . . . . . . . . . . . . . . . . . . . . . . . . . . . Sneak Attacks . | . . . . . . . . . . . . . . . . . . . . . . . . . . . . . . Combat Hostiles . | . . . . . . . . . . . . . . . . . . . . . . . . . . . . . . Follow-up Attacks . | . . . . . . . . . . . . . . . . . . . . . . . . . . . . . . Damage Inflicted 19565 | 108 . 291 . 52 . 485 858 1151 947 58 . . . . 2327 486 306 43 149 456 377 1473 . 1392 525 2497 2068 2595 921 Guns 3849 | 62 . 291 . . . 155 65 . . . . . . . 598 20 173 . . . . . . 554 351 808 632 . 140 Cannons 11648 | . . . . . . 324 290 1151 947 58 . . . . 373 320 133 25 143 456 377 1439 . 173 174 1071 1262 2191 741 Explosions 3822 | 41 . . . . . . 497 . . . . . . . 1345 146 . . . . . 34 . 665 . 579 174 341 . Melee . | . . . . . . . . . . . . . . . . . . . . . . . . . . . . . . Ramming 194 | 5 . . . . . 6 6 . . . . . . . 11 . . 18 6 . . . . . . 39 . 63 40 Kinetic 6642 | 21 . 167 . . . 479 355 576 486 31 . . . . . . 133 25 54 176 130 622 . 192 . 262 484 1785 664 Thermal 7055 | 41 . 18 . 52 . . . 575 461 27 . . . . 971 340 173 . 89 280 247 817 . 175 174 1129 863 406 217 Explosive 3201 | . . . . . . . 497 . . . . . . . 1345 146 . . . . . 34 . 490 . 259 89 341 . Electromagnetic 147 | 41 . 106 . . . . . . . . . . . . . . . . . . . . . . . . . . . Impact . | . . . . . . . . . . . . . . . . . . . . . . . . . . . . . . Slashing . | . . . . . . . . . . . . . . . . . . . . . . . . . . . . . . Piercing . | . . . . . . . . . . . . . . . . . . . . . . . . . . . . . . Entropic 2326 | . . . . . . . . . . . . . . . . . . . . . . . . 535 351 808 632 . . Highest Corruption 19 | . . . 3 3 3 3 . 1 5 5 5 . . . 1 7 7 7 7 . . 2 2 1 . . 2 19 6 Average Corruption 4 | . . . 2 3 3 3 . 1 4 5 5 . . . 1 4 7 7 7 . . 2 2 1 . . 1 12 5 Corruption Purged . | . . . . . . . . . . . . . . . . . . . . . . . . . . . . . . Corruption Blocked . | . . . . . . . . . . . . . . . . . . . . . . . . . . . . . . Effects 158 | . . . 1 . 2 8 . . 16 23 1 . . . 4 22 15 4 5 . . 7 2 11 . . 4 19 14 Message Errors 31 | . . . . . . . . . 4 5 . . . . . 4 6 1 . . . 1 1 . . . . 5 4 Matter Fused 43 | . . . . . 1 1 . . 4 9 1 . . . . 8 6 . . . . 2 . 2 . . 1 4 4 Heat Flow Errors 17 | . . . . . . . . . 2 2 . . . . . 3 . 1 1 . . 2 . 2 . . . 2 2 Energy Discharges 23 | . . . . . . 2 . . 2 2 . . . . 2 2 1 1 2 . . 1 1 2 . . 2 1 2 Parts Rejected 1 | . . . . . . 1 . . . . . . . . . . . . . . . . . . . . . . . Parts Fused 1 | . . . . . . . . . . . . . . . . . . . . . . 1 . . . . . . . Data Loss (minor) 20 | . . . 1 . 1 3 . . 4 2 . . . . 2 1 2 1 . . . . . . . . 1 1 1 Data Loss (major) 7 | . . . . . . . . . . . . . . . . 2 . . 1 . . . . 2 . . . 1 1 Misfires 8 | . . . . . . 1 . . . 1 . . . . . 1 . . 1 . . . . 3 . . . 1 . Alerts 4 | . . . . . . . . . . 2 . . . . . 1 . . . . . . . . . . . 1 . Misdirections 3 | . . . . . . . . . . . . . . . . . . . . . . . . . . . . 3 . Overload Shots . | . . . . . . . . . . . . . . . . . . . . . . . . . . . . . . Overflow Damage 579 | . . . . . . . 33 19 21 . . . . . 20 16 . . . 28 . 24 . 62 . 101 58 163 34 Projectiles 412 | . . . . . . . 4 19 21 . . . . . . 16 . . . 28 . 24 . 8 . 56 52 150 34 Explosions 156 | . . . . . . . 29 . . . . . . . 20 . . . . . . . . 54 . 45 6 2 . Melee 11 | . . . . . . . . . . . . . . . . . . . . . . . . . . . . 11 . Knockbacks 50 | . . . . . . 3 4 3 5 . . . . . . . 1 . 1 3 . 1 . 1 . . 3 18 7 Impact . | . . . . . . . . . . . . . . . . . . . . . . . . . . . . . . Kinetic 48 | . . . . . . 3 4 3 5 . . . . . . . 1 . 1 3 . 1 . 1 . . 3 16 7 Secondary 2 | . . . . . . . . . . . . . . . . . . . . . . . . . . . . 2 . Self-Inflicted Damage 286 | 19 . . . . . . 3 . . . . . . . 5 50 . . . . . 30 . . . 97 . 63 19 Shots 8 | 1 . . . . . . . . . . . . . . . 2 . . . . . 1 . . . 2 . 2 . Rammed 8 | . . . . . . . 2 . . . . . . . 1 . . . . . . . . . . . . 2 3 Targets Rammed 17 | 2 . . . . . 2 2 . . . . . . . 1 . . 1 1 . . . . . . 3 . 2 3 Kicked 9 | 2 . . . . . 2 . . . . . . . . . . . 1 1 . . . . . . 3 . . . Crushed . | . . . . . . . . . . . . . . . . . . . . . . . . . . . . . . Highest Temperature 488 | 12 . 45 10 . . 54 36 319 241 235 18 108 32 . 303 182 6 254 134 15 27 221 . 184 36 . 11 420 488 Average Temperature 100 | 12 . 24 10 . . 29 12 91 41 65 13 40 21 . 117 71 2 132 33 6 11 25 . 79 18 . 4 129 149 Received Heat Transfer 3693 | . . 141 45 . . 153 135 264 324 24 . 12 . . 366 87 . 9 21 . 45 246 . 30 27 297 1188 45 234 Effects 28 | . . . . . . . . 1 . . . . . . 8 . . . . . . . . . . . . 1 18 Shutdowns 7 | . . . . . . . . . . . . . . . . . . . . . . . . . . . . . 7 Energy Bleed 3 | . . . . . . . . . . . . . . . 1 . . . . . . . . . . . . 1 1 Interference 11 | . . . . . . . . 1 . . . . . . 7 . . . . . . . . . . . . . 3 Matter Decay 1 | . . . . . . . . . . . . . . . . . . . . . . . . . . . . . 1 Damage (minor) 2 | . . . . . . . . . . . . . . . . . . . . . . . . . . . . . 2 Damage (major) 4 | . . . . . . . . . . . . . . . . . . . . . . . . . . . . . 4 Siege Activations . | . . . . . . . . . . . . . . . . . . . . . . . . . . . . . . Martial Activations . | . . . . . . . . . . . . . . . . . . . . . . . . . . . . . . Shielding Activations . | . . . . . . . . . . . . . . . . . . . . . . . . . . . . . . Robots Disrupted . | . . . . . . . . . . . . . . . . . . . . . . . . . . . . . . Combat Hostiles . | . . . . . . . . . . . . . . . . . . . . . . . . . . . . . . Robots Corrupted 1 | . . . . . . . . . . . . . . . . . . . . . . . . . . . . 1 . Combat Hostiles . | . . . . . . . . . . . . . . . . . . . . . . . . . . . . . . Parts Fried 1 | . . . . . . . . . . . . . . . . . . . . . . . . . . . . 1 . Impact Corruptions 1 | . . . . . . . . . . . . . . . . . . . . . . . . . . . . 1 . Robots Melted 4 | . . . . . . . . . . . . . . . . 1 . . 1 . 1 1 . . . . . . . Combat Hostiles 4 | . . . . . . . . . . . . . . . . 1 . . 1 . 1 1 . . . . . . . Parts Melted 11 | . . . . 1 . . . . 1 . . . . . 2 2 . . 3 . 2 . . . . . . . . Heat Transferred 6727 | 50 . 37 . 185 . . . 777 629 37 . . . . 1776 481 222 . 111 333 296 962 . 100 . 200 50 296 185 Parts Sabotaged 3 | . . . . . . . . . . . . . . . . . . . . . . . . . . . 3 . . Parts Stolen . | . . . . . . . . . . . . . . . . . . . . . . . . . . . . . . Parts Stripped . | . . . . . . . . . . . . . . . . . . . . . . . . . . . . . . Power Chain Reactions 2 | 1 . . . . . . . . . . . . . . . . . . . . . . . . . 1 . . . Alert | -11 -10 -10 -9 -9 -9 -8 -8 -7 -7 -7 -7 -6 -6 -6 -6 -6 -6 -6 -6 -5 -5 -5 -5 -4 -4 -3 -3 -2 -1 ------- Run | Yrd Mat Min Mat Min Exi Min Mat Fac Low Low Zio Pro Fac Was Fac Ext Cet Arc Hub Fac Upp Upp War Pro Fac Res Arm Res Acc Maximum Alert Level 2 | . . . . . . . . . . . . . . . 1 1 . . 1 . . . . . . 2 2 1 1 Low Security (%) 83 | 100 100 100 100 100 . 100 100 100 . . . . 100 100 89 92 100 100 44 100 . . . . 100 36 21 91 56 Level 1 15 | . . . . . . . . . . . . . . . 10 7 . . 55 . . . . . . 57 70 8 43 Level 2 . | . . . . . . . . . . . . . . . . . . . . . . . . . . 5 7 . . Level 3 . | . . . . . . . . . . . . . . . . . . . . . . . . . . . . . . Level 4 . | . . . . . . . . . . . . . . . . . . . . . . . . . . . . . . Level 5 . | . . . . . . . . . . . . . . . . . . . . . . . . . . . . . . High Security . | . . . . . . . . . . . . . . . . . . . . . . . . . . . . . . Max Security . | . . . . . . . . . . . . . . . . . . . . . . . . . . . . . . Peak Influence 437 | 10 9 30 . 30 . 170 95 101 . . . . . . 254 236 103 96 271 96 . . . . 59 437 421 225 362 Initial 176 | . . . . . . . 6 . . . . . . . . 94 59 9 1 94 . . . . . 12 176 101 117 Average 85 | . 1 4 . 4 . 64 33 17 . . . . . . 88 92 43 48 143 35 . . . . 16 216 298 85 166 Influence Increases 8262 | 10 36 109 . 30 . 260 256 370 195 20 . 35 . . 670 900 263 127 512 158 145 200 178 330 203 889 688 665 1013 Destroy 0b10 Robot/C 4540 | . . 80 . 20 . 120 160 240 160 20 . 20 . . 380 480 160 80 240 120 100 140 140 300 120 320 360 320 460 Destroy 0b10 Robot/NC 205 | 10 . . . . . . 15 5 . . . 10 . . 40 20 10 . 10 5 . . 10 . 5 5 . 40 20 Destroy Leader 788 | . . 20 . 10 . 20 42 52 20 . . . . . 80 46 . . 72 20 . 30 . 30 42 70 80 64 90 Allied During Kill 758 | . . . . . . . . . . . . 5 . . 77 248 77 40 139 3 . . 28 . 14 19 60 22 26 Successful Hack 58 | . . . . . . . . 14 . . . . . . . 36 8 . . . . . . . . . . . . Disable Machine 126 | . 36 9 . . . . . 9 . . . . . . 18 . . . 9 . . . . . . 18 9 9 9 Anti-Garrison Action 200 | . . . . . . . . . . . . . . . . . . . . . . . . . . 200 . . . Destroy Structure 747 | . . . . . . . 39 5 . . . . . . 60 55 8 7 27 10 . . . . 22 152 74 105 183 Partial Spotted 75 | . . . . . . . . . . . . . . . . . . . . . . . . . . 15 15 45 . Lose Combat Pursuer 765 | . . . . . . 120 . 45 15 . . . . . 15 15 . . 15 . 45 30 . . . 90 90 60 225 Influence Decreases 7937 | 10 36 109 . 30 . 240 276 309 256 20 . 35 . . 446 1002 355 151 294 382 120 225 178 330 174 529 853 664 913 Entered New Map 860 | . . . . . . . 14 . 28 . . . . . . 130 63 21 5 130 . 8 . . . 17 213 123 108 Time Decay 4774 | 10 36 79 . . . 240 252 299 225 20 . 32 . . 240 561 192 100 89 206 120 120 38 320 164 332 310 333 456 Lost Part 1043 | . . 30 . 30 . . 10 10 3 . . . . . 106 50 . 10 . . . 97 . 10 10 90 170 168 249 Lost Ally 1260 | . . . . . . . . . . . . 3 . . 100 261 100 20 200 46 . . 140 . . 90 160 40 100 Squads Dispatched 38 | . . . 1 . . . . 5 . . . . . . 2 2 . . 6 . . . . . 1 2 4 4 11 Investigation 6 | . . . . . . . . . . . . . . . . 1 . . . . . . . . . 1 1 1 2 Extermination 13 | . . . . . . . . 3 . . . . . . . . . . 1 . . . . . 1 1 2 2 3 Reinforcement 19 | . . . 1 . . . . 2 . . . . . . 2 1 . . 5 . . . . . . . 1 1 6 Assault . | . . . . . . . . . . . . . . . . . . . . . . . . . . . . . . Garrison . | . . . . . . . . . . . . . . . . . . . . . . . . . . . . . . Intercept . | . . . . . . . . . . . . . . . . . . . . . . . . . . . . . . Searches Triggered . | . . . . . . . . . . . . . . . . . . . . . . . . . . . . . . Construction Impeded 2 | . . . . . . . . . . . . . . . 1 . . . 1 . . . . . . . . . . Haulers Reinforced 3 | . . . . . . . . . . . . . . . 1 . . . 1 . . . . . . . . . 1 Active Scanning Responses . | . . . . . . . . . . . . . . . . . . . . . . . . . . . . . . Cargo Convoy Interrupts . | . . . . . . . . . . . . . . . . . . . . . . . . . . . . . . Stealth | -11 -10 -10 -9 -9 -9 -8 -8 -7 -7 -7 -7 -6 -6 -6 -6 -6 -6 -6 -6 -5 -5 -5 -5 -4 -4 -3 -3 -2 -1 --------- Run | Yrd Mat Min Mat Min Exi Min Mat Fac Low Low Zio Pro Fac Was Fac Ext Cet Arc Hub Fac Upp Upp War Pro Fac Res Arm Res Acc Distress Signals 16 | . . . 1 . . . 1 1 . . . . . . . 3 2 . 3 . . . . . . 1 . 3 1 Communications Jammed . | . . . . . . . . . . . . . . . . . . . . . . . . . . . . . . Distress Signals . | . . . . . . . . . . . . . . . . . . . . . . . . . . . . . . Times Spotted 322 | . . 6 6 3 . 12 11 20 10 1 . 2 1 . 19 22 11 4 14 6 7 10 . 19 6 31 35 28 38 Peak Tracking Total 14 | . . 2 5 3 . 5 4 6 4 1 . 2 1 . 6 4 5 2 5 3 5 4 . 5 2 11 14 10 9 Tactical Retreats 26 | . . . . . . 4 . 1 1 . . . . . 1 1 . . 1 . 1 1 . . . 3 4 1 7 Traps | -11 -10 -10 -9 -9 -9 -8 -8 -7 -7 -7 -7 -6 -6 -6 -6 -6 -6 -6 -6 -5 -5 -5 -5 -4 -4 -3 -3 -2 -1 ------- Run | Yrd Mat Min Mat Min Exi Min Mat Fac Low Low Zio Pro Fac Was Fac Ext Cet Arc Hub Fac Upp Upp War Pro Fac Res Arm Res Acc Traps Triggered 9 | . . . 1 . . . 1 1 . . . . 1 . 2 1 . . . . . . . . . . . 2 . Indirectly . | . . . . . . . . . . . . . . . . . . . . . . . . . . . . . . Trap Hack Attempts . | . . . . . . . . . . . . . . . . . . . . . . . . . . . . . . Triggered . | . . . . . . . . . . . . . . . . . . . . . . . . . . . . . . Disarmed . | . . . . . . . . . . . . . . . . . . . . . . . . . . . . . . Reprogrammed . | . . . . . . . . . . . . . . . . . . . . . . . . . . . . . . Reused . | . . . . . . . . . . . . . . . . . . . . . . . . . . . . . . Traps Extracted . | . . . . . . . . . . . . . . . . . . . . . . . . . . . . . . Installed . | . . . . . . . . . . . . . . . . . . . . . . . . . . . . . . Triggered . | . . . . . . . . . . . . . . . . . . . . . . . . . . . . . . Machines | -11 -10 -10 -9 -9 -9 -8 -8 -7 -7 -7 -7 -6 -6 -6 -6 -6 -6 -6 -6 -5 -5 -5 -5 -4 -4 -3 -3 -2 -1 ---------- Run | Yrd Mat Min Mat Min Exi Min Mat Fac Low Low Zio Pro Fac Was Fac Ext Cet Arc Hub Fac Upp Upp War Pro Fac Res Arm Res Acc Machines Disabled 16 | . 4 1 . . . . . 1 . . . . . . 2 . . . 1 . . 2 . . . 2 1 1 1 Max in Single Turn 1 | . 1 1 . . . . . 1 . . . . . . 1 . . . . . . 1 . . . 1 . . 1 Garrison Access 4 | . . . . . . . . . . . . . 1 . . . . . . . . . . . . 1 . 1 1 Machines Repaired . | . . . . . . . . . . . . . . . . . . . . . . . . . . . . . . Machines Dismantled 5 | . 4 1 . . . . . . . . . . . . . . . . . . . . . . . . . . . Machines Sabotaged . | . . . . . . . . . . . . . . . . . . . . . . . . . . . . . . Overloaded Fab Kills . | . . . . . . . . . . . . . . . . . . . . . . . . . . . . . . Hacking | -11 -10 -10 -9 -9 -9 -8 -8 -7 -7 -7 -7 -6 -6 -6 -6 -6 -6 -6 -6 -5 -5 -5 -5 -4 -4 -3 -3 -2 -1 --------- Run | Yrd Mat Min Mat Min Exi Min Mat Fac Low Low Zio Pro Fac Was Fac Ext Cet Arc Hub Fac Upp Upp War Pro Fac Res Arm Res Acc Machines Accessed 37 | . . . . . . . 2 2 1 2 . . 1 . 1 9 1 . . 1 . 1 6 . 2 1 1 1 5 Terminals 14 | . . . . . . . 1 1 . . . . . . 1 9 1 . . . . . . . . . . . 1 Fabricators 4 | . . . . . . . . . . . . . . . . . . . . . . . . . 1 . 1 . 2 Repair Stations 4 | . . . . . . . 1 . . . . . . . . . . . . 1 . . . . 1 . . . 1 Recycling Units 1 | . . . . . . . . 1 . . . . . . . . . . . . . . . . . . . . . Scanalyzers . | . . . . . . . . . . . . . . . . . . . . . . . . . . . . . . Garrison Access 4 | . . . . . . . . . . . . . 1 . . . . . . . . . . . . 1 . 1 1 Total Hacks 61 | . . . . . . . 5 4 1 2 . . 2 . 1 12 2 . . 2 . 1 10 . 4 1 3 2 9 Successful 38 | . . . . . . . 4 2 1 2 . . 1 . 1 7 1 . . 2 . 1 10 . 1 1 1 1 2 Failed 23 | . . . . . . . 1 2 . . . . 1 . . 5 1 . . . . . . . 3 . 2 1 7 Catastrophic 4 | . . . . . . . . . . . . . . . . 1 . . . . . . . . 1 . 1 . 1 Database Lockouts . | . . . . . . . . . . . . . . . . . . . . . . . . . . . . . . Manual 53 | . . . . . . . . 1 . . . . 3 . 1 9 1 . 8 3 . . . . 5 6 9 3 4 Terminals 21 | . . . . . . . 3 1 . . . . . . 1 12 2 . . . . . . . . . . . 2 Fabricators 11 | . . . . . . . . . . . . . . . . . . . . . . . . . 3 . 3 . 5 Repair Stations 6 | . . . . . . . 2 . . . . . . . . . . . . 2 . . . . 1 . . . 1 Recycling Units 3 | . . . . . . . . 3 . . . . . . . . . . . . . . . . . . . . . Scanalyzers . | . . . . . . . . . . . . . . . . . . . . . . . . . . . . . . Garrison Access 6 | . . . . . . . . . . . . . 2 . . . . . . . . . . . . 1 . 2 1 Terminal Hacks 26 | . . . . . . . 2 1 1 2 . . . . 1 7 1 . . . . 1 10 . . . . . . Record 9 | . . . . . . . . . . . . . . . . . . . . . . 1 8 . . . . . . Open Door 14 | . . . . . . . . . 1 2 . . . . 1 7 1 . . . . . 2 . . . . . . Branch Access Points 1 | . . . . . . . . 1 . . . . . . . . . . . . . . . . . . . . . Emergency Access Points 1 | . . . . . . . 1 . . . . . . . . . . . . . . . . . . . . . . Reinforcement Status 1 | . . . . . . . 1 . . . . . . . . . . . . . . . . . . . . . . Fabricator Hacks 3 | . . . . . . . . . . . . . . . . . . . . . . . . . 1 . 1 . 1 Network Status 2 | . . . . . . . . . . . . . . . . . . . . . . . . . 1 . . . 1 Load Schematic 1 | . . . . . . . . . . . . . . . . . . . . . . . . . . . 1 . . Repair Station Hacks 4 | . . . . . . . 2 . . . . . . . . . . . . 2 . . . . . . . . . Scan Component 2 | . . . . . . . 1 . . . . . . . . . . . . 1 . . . . . . . . . Repair 2 | . . . . . . . 1 . . . . . . . . . . . . 1 . . . . . . . . . Recycling Unit Hacks 1 | . . . . . . . . 1 . . . . . . . . . . . . . . . . . . . . . Report Inventory 1 | . . . . . . . . 1 . . . . . . . . . . . . . . . . . . . . . Scanalyzer . | . . . . . . . . . . . . . . . . . . . . . . . . . . . . . . Garrison Access Hacks 3 | . . . . . . . . . . . . . 1 . . . . . . . . . . . . . . 1 1 Seal Access 3 | . . . . . . . . . . . . . 1 . . . . . . . . . . . . . . 1 1 Unauthorized Hacks 1 | . . . . . . . . . . . . . . . . . . . . . . . . . . 1 . . . Terminals . | . . . . . . . . . . . . . . . . . . . . . . . . . . . . . . Fabricators . | . . . . . . . . . . . . . . . . . . . . . . . . . . . . . . Repair Stations . | . . . . . . . . . . . . . . . . . . . . . . . . . . . . . . Recycling Units . | . . . . . . . . . . . . . . . . . . . . . . . . . . . . . . Scanalyzers . | . . . . . . . . . . . . . . . . . . . . . . . . . . . . . . Garrison Access 1 | . . . . . . . . . . . . . . . . . . . . . . . . . . 1 . . . Jam 1 | . . . . . . . . . . . . . . . . . . . . . . . . . . 1 . . . Data Cores Recovered 2 | . . . . . . . 1 . . . . . . . . 1 . . . . . . . . . . . . . Used . | . . . . . . . . . . . . . . . . . . . . . . . . . . . . . . Hacking Detections 17 | . . . . . . . 1 1 . . . . 1 . . 5 1 . . 1 . . . . 2 . 1 . 4 Full Trace Events 2 | . . . . . . . . . . . . . . . . 1 . . . . . . . . . . 1 . . Feedback Events . | . . . . . . . . . . . . . . . . . . . . . . . . . . . . . . Feedback Blocked . | . . . . . . . . . . . . . . . . . . . . . . . . . . . . . . Robot Schematics Acquired 3 | . . . . . . . . . . . 3 . . . . . . . . . . . . . . . . . . Robots Built . | . . . . . . . . . . . . . . . . . . . . . . . . . . . . . . Authchips . | . . . . . . . . . . . . . . . . . . . . . . . . . . . . . . Time . | . . . . . . . . . . . . . . . . . . . . . . . . . . . . . . Total Robot Build Rating . | . . . . . . . . . . . . . . . . . . . . . . . . . . . . . . Part Schematics Acquired 14 | . . . . . . . . . . . 14 . . . . . . . . . . . . . . . . . . Parts Built . | . . . . . . . . . . . . . . . . . . . . . . . . . . . . . . Authchips . | . . . . . . . . . . . . . . . . . . . . . . . . . . . . . . Time . | . . . . . . . . . . . . . . . . . . . . . . . . . . . . . . Total Part Build Rating . | . . . . . . . . . . . . . . . . . . . . . . . . . . . . . . Parts Repaired 2 | . . . . . . . 1 . . . . . . . . . . . . 1 . . . . . . . . . Time 100 | . . . . . . . 38 . . . . . . . . . . . . 62 . . . . . . . . . Parts Recycled . | . . . . . . . . . . . . . . . . . . . . . . . . . . . . . . Recycled Matter . | . . . . . . . . . . . . . . . . . . . . . . . . . . . . . . Retrieved Matter . | . . . . . . . . . . . . . . . . . . . . . . . . . . . . . . Retrieved Components . | . . . . . . . . . . . . . . . . . . . . . . . . . . . . . . Parts Scanalyzed . | . . . . . . . . . . . . . . . . . . . . . . . . . . . . . . Part Schematics Acquired . | . . . . . . . . . . . . . . . . . . . . . . . . . . . . . . Parts Damaged . | . . . . . . . . . . . . . . . . . . . . . . . . . . . . . . Bothacking | -11 -10 -10 -9 -9 -9 -8 -8 -7 -7 -7 -7 -6 -6 -6 -6 -6 -6 -6 -6 -5 -5 -5 -5 -4 -4 -3 -3 -2 -1 ------------ Run | Yrd Mat Min Mat Min Exi Min Mat Fac Low Low Zio Pro Fac Was Fac Ext Cet Arc Hub Fac Upp Upp War Pro Fac Res Arm Res Acc Used RIF Installer . | . . . . . . . . . . . . . . . . . . . . . . . . . . . . . . Robots Hacked 2 | . . . . . . . . . . . . . . . . . . . . . . . . . . . . . 2 Non-combat . | . . . . . . . . . . . . . . . . . . . . . . . . . . . . . . Combat . | . . . . . . . . . . . . . . . . . . . . . . . . . . . . . . Robot Hacks Applied . | . . . . . . . . . . . . . . . . . . . . . . . . . . . . . . Manual 2 | . . . . . . . . . . . . . . . . . . . . . . . . . . . . . 2 Relay Couplers Released . | . . . . . . . . . . . . . . . . . . . . . . . . . . . . . . Fabnet Peak Effective % . | . . . . . . . . . . . . . . . . . . . . . . . . . . . . . . Robots Rewired 25 | . . . . . . . . . . . . . . . . 14 . . . . . 3 5 . . . 3 . . Allies Hacked 2 | . . . . . . . . . . . . . . . . . . . . . . . . . . . 1 . 1 Hacks Repelled . | . . . . . . . . . . . . . . . . . . . . . . . . . . . . . . Allies | -11 -10 -10 -9 -9 -9 -8 -8 -7 -7 -7 -7 -6 -6 -6 -6 -6 -6 -6 -6 -5 -5 -5 -5 -4 -4 -3 -3 -2 -1 -------- Run | Yrd Mat Min Mat Min Exi Min Mat Fac Low Low Zio Pro Fac Was Fac Ext Cet Arc Hub Fac Upp Upp War Pro Fac Res Arm Res Acc Total Allies 80 | . . . . . . . . . . . 4 . 3 . 2 30 5 . 4 . . 3 5 . 3 2 11 2 6 Largest Group 20 | . . . . . . . . . . . 4 4 5 5 5 20 13 11 13 3 . 3 8 1 3 3 5 2 2 Highest-Rated Group 834 | . . . . . . . . . . . 157 157 165 165 192 790 834 764 696 84 . 90 353 64 239 239 336 244 244 Highest-Rated Ally 219 | . . . . . . . . . . . 41 41 41 41 96 159 159 159 96 28 . 30 68 64 103 103 180 122 219 Zionite Dispatches 14 | . . . . . . . . . . . . . 1 . . 2 . . 1 1 . . . . 2 1 3 1 2 Heavy 5 | . . . . . . . . . . . . . . . . 1 . . . . . . . . 1 1 . 1 1 Light 2 | . . . . . . . . . . . . . . . . 1 . . . . . . . . . . 1 . . Recon 1 | . . . . . . . . . . . . . . . . . . . . 1 . . . . . . . . . Fire 3 | . . . . . . . . . . . . . 1 . . . . . 1 . . . . . . . 1 . . Demo 1 | . . . . . . . . . . . . . . . . . . . . . . . . . . . . . 1 Hero 1 | . . . . . . . . . . . . . . . . . . . . . . . . . . . 1 . . Thermal Resupply 1 | . . . . . . . . . . . . . . . . . . . . . . . . . 1 . . . . Total Orders 15 | . . . . . . . . . . . . . . . . 1 . . . 3 4 2 . 3 . 2 . . . EXPLORE 12 | . . . . . . . . . . . . . . . . . . . . 3 3 1 . 3 . 2 . . . RETURN 3 | . . . . . . . . . . . . . . . . 1 . . . . 1 1 . . . . . . . Ally Attacks 540 | . . . . . . . . . . . . 8 . . 35 151 60 21 72 4 . . 28 . 11 22 57 20 51 Total Damage 20773 | . . . . . . . . . . . . 410 . . 1289 3728 1945 541 2344 67 . . 1294 . 874 1614 1575 1186 3906 Kills 123 | . . . . . . . . . . . . 3 . . 11 25 10 4 12 2 . . 9 . 3 7 11 6 20 Allies Corrupted 6 | . . . . . . . . . . . . . . . . 2 . . . . . . . . . . 2 1 1 Allies Melted 2 | . . . . . . . . . . . . . . . . . . . 2 . . . . . . . . . . Intel | -11 -10 -10 -9 -9 -9 -8 -8 -7 -7 -7 -7 -6 -6 -6 -6 -6 -6 -6 -6 -5 -5 -5 -5 -4 -4 -3 -3 -2 -1 ------- Run | Yrd Mat Min Mat Min Exi Min Mat Fac Low Low Zio Pro Fac Was Fac Ext Cet Arc Hub Fac Upp Upp War Pro Fac Res Arm Res Acc Active Infowar (turns) 12024 | 19 261 98 . . . . 580 1235 740 938 1281 515 118 364 531 1163 493 213 248 525 556 386 . . 76 596 621 279 188 Optics 8705 | . . . . . . . . 21 740 938 1281 515 118 364 531 1163 493 213 248 525 556 386 . . . . 334 279 . Sensors 172 | . . . . . . . . . 57 . . . . . . . . . . . . . . . . . . . 115 Terrain 9682 | . . . . . . . 580 1235 740 938 1281 515 118 364 334 851 493 213 248 525 556 28 . . 76 587 . . . Structural 73 | . . . . . . . . . . . . . . . . . . . . . . . . . . . . . 73 Seismic 454 | 19 261 98 . . . . . . . . . . . . . . . . . . . . . . . . . 76 . Cloaking 572 | . . . . . . . . . . . . . . . . . . . . . . . . . . 9 563 . . ECM 218 | . . . . . . . . . . . . . . . . . . . . . . . . . . . . 218 . Robot Analysis Total . | . . . . . . . . . . . . . . . . . . . . . . . . . . . . . . Derelict Logs Recovered 7 | . . . . . . . . . 1 1 . 2 . . . . . . . . . 2 . 1 . . . . . Drone Launches 13 | . . . . . . . . . . . . . . . . 1 . . . 3 3 1 . 3 . 2 . . . Drone Recoveries 13 | . . . . . . . . . . . . . . . . 1 . . . 3 3 1 . 3 . 2 . . . Zionite Intel Received 5 | . . . . . . . . . . . . . . . . 1 . . 2 . . . . . . 1 1 . . Main Access 1 | . . . . . . . . . . . . . . . . . . . . . . . . . . . 1 . . Emergency Access 1 | . . . . . . . . . . . . . . . . . . . . . . . . . . 1 . . . Guard Positions 1 | . . . . . . . . . . . . . . . . . . . 1 . . . . . . . . . . Unaware Analyses 1 | . . . . . . . . . . . . . . . . 1 . . . . . . . . . . . . . Depthwide Sectors/-1 1 | . . . . . . . . . . . . . . . . . . . 1 . . . . . . . . . . Exploration | -11 -10 -10 -9 -9 -9 -8 -8 -7 -7 -7 -7 -6 -6 -6 -6 -6 -6 -6 -6 -5 -5 -5 -5 -4 -4 -3 -3 -2 -1 ------------- Run | Yrd Mat Min Mat Min Exi Min Mat Fac Low Low Zio Pro Fac Was Fac Ext Cet Arc Hub Fac Upp Upp War Pro Fac Res Arm Res Acc Turns Passed 19064 | 102 261 358 78 38 165 504 648 1235 740 938 1281 515 118 364 547 1163 493 213 248 525 556 1035 1697 1540 610 806 626 719 941 Spaces Moved 14088 | 64 126 234 93 37 328 447 523 1038 591 926 1239 384 111 347 331 679 366 161 158 347 290 491 828 571 290 472 452 964 1200 Core 472 | 7 . . . 36 328 68 . . . . . . . . . . . . . . . . . . . . 1 32 . Treads 43 | . . . . . . . . . . . . . . . . . . . . . . 43 . . . . . . . Legs 5328 | 57 126 234 21 . . 226 32 . . . . . . . . 359 366 161 158 347 290 448 828 571 290 472 342 . . Wheels 5931 | . . . . . . 153 491 1038 591 926 1239 384 111 347 331 320 . . . . . . . . . . . . . Hover 1703 | . . . 72 1 . . . . . . . . . . . . . . . . . . . . . . . 430 1200 Flight 611 | . . . . . . . . . . . . . . . . . . . . . . . . . . . 109 502 . Fastest Speed 20 | 50 120 120 66 50 50 50 85 90 100 100 100 100 96 96 90 93 118 118 118 117 118 117 190 190 190 115 34 20 36 Average Speed 106 | 117 120 120 79 58 50 99 101 94 100 100 100 100 99 96 101 107 118 118 118 117 118 155 190 190 190 138 98 48 49 Slowest Speed 360 | 190 120 120 130 150 50 190 260 115 100 100 100 100 110 96 120 190 118 118 118 118 118 320 190 190 190 190 250 360 126 Overloaded Moves . | . . . . . . . . . . . . . . . . . . . . . . . . . . . . . . Propulsion Burnouts . | . . . . . . . . . . . . . . . . . . . . . . . . . . . . . . Robots Hopped 4 | . . . . . . . . . . . . . . . . . . . . . . . . . . . 2 2 . Potential Cave-ins 25 | . . . . . . . . . . . . 2 . . . 8 . . . . . . 8 . . . . . 7 Cave-ins Triggered 3 | . . . . . . . . . 1 . . . . . . 2 . . . . . . . . . . . . . Exploration Rate (%) 43 | 4 18 37 15 8 69 71 33 25 61 75 90 61 4 94 12 62 82 76 14 19 56 43 85 82 8 17 35 22 22 Regions Visited 29 Branch Regions 17 Pre-discovered Areas 8 | . . . . . . . . . . . 1 . . . . . . . 5 . . . 1 1 . . . . . Known Exits Taken 16 | . . . . . . . . 1 . . . 1 . . 1 1 1 1 1 1 1 1 1 1 1 1 1 1 . Unknown Exits Taken 11 | 1 1 1 1 1 1 1 1 . 1 1 1 . . . . . . . . . . . . . . . . . . Scrap Searched 15 | . . . . . . 1 . . 1 3 5 . . . . . . . . . 3 . . 2 . . . . . Spaces Dug 160 | . . . . . . . . 2 2 . . 3 . . 1 85 . . 8 4 2 5 14 7 . 8 6 1 12 Terrain Destroyed 540 | 2 . . . . . . 44 5 8 4 . 6 . . 51 117 1 2 11 5 7 44 20 62 4 78 34 19 16 Melee . | . . . . . . . . . . . . . . . . . . . . . . . . . . . . . . Projectile 183 | . . . . . . . 1 5 8 4 . 6 . . 1 1 1 2 11 5 7 23 20 33 4 19 10 6 16 AOE 357 | 2 . . . . . . 43 . . . . . . . 50 116 . . . . . 21 . 29 . 59 24 13 . Terrain Rammed . | . . . . . . . . . . . . . . . . . . . . . . . . . . . . . . Walls Destroyed . | . . . . . . . . . . . . . . . . . . . . . . . . . . . . . . Machines Disabled . | . . . . . . . . . . . . . . . . . . . . . . . . . . . . . . Actions | -11 -10 -10 -9 -9 -9 -8 -8 -7 -7 -7 -7 -6 -6 -6 -6 -6 -6 -6 -6 -5 -5 -5 -5 -4 -4 -3 -3 -2 -1 --------- Run | Yrd Mat Min Mat Min Exi Min Mat Fac Low Low Zio Pro Fac Was Fac Ext Cet Arc Hub Fac Upp Upp War Pro Fac Res Arm Res Acc Total 17196 | 78 164 264 95 43 328 482 610 1237 690 931 1280 503 117 377 467 1087 413 182 205 442 483 682 937 991 335 559 573 1148 1493 Wait 1896 | . . . . . . 12 42 133 67 . 36 108 . 23 74 224 39 18 15 71 180 85 21 388 31 22 20 86 201 Move 14051 | 64 125 233 92 36 327 446 522 1037 590 925 1238 383 111 346 330 676 365 160 157 346 289 490 827 570 289 471 447 959 1200 Hop 4 | . . . . . . . . . . . . . . . . . . . . . . . . . . . 2 2 . Pick Up 49 | 2 1 1 . . 1 1 6 7 . 2 1 . 1 . 1 3 . . 3 1 . 2 2 1 1 . 8 2 2 Fast Attach 161 | 7 1 1 2 . . 7 9 10 1 1 2 . 1 3 8 11 . . . 4 2 5 2 2 6 10 17 30 19 Attach 59 | . . 1 1 1 . 1 2 2 4 . . . 2 . 5 4 . 1 . . . 9 . 1 . 3 6 7 9 Detach 27 | . 1 . . . . . 1 . . . 1 . . . 1 3 . . . . . 2 1 2 . 1 3 7 4 Swap 49 | . . 4 . . . . 4 . 1 . . . . 1 5 6 1 . 7 2 . . . 4 . 5 8 1 . Drop 92 | . . . . 1 . 1 3 13 2 . 1 . 1 3 1 8 1 . 8 5 1 2 . . 2 6 20 7 6 Fire 500 | 4 . 14 . 5 . 11 19 35 25 3 1 12 1 . 40 22 7 2 14 13 11 53 12 23 6 38 35 45 49 Melee . | . . . . . . . . . . . . . . . . . . . . . . . . . . . . . . Ram 8 | . . . . . . . 2 . . . . . . . 1 . . . . . . . . . . . . 2 3 Kick 8 | 1 . . . . . 2 . . . . . . . . . . . 1 1 . . . . . . 3 . . . Crush . | . . . . . . . . . . . . . . . . . . . . . . . . . . . . . . Escape Stasis 2 | . . . . . . . . . . . . . . . . 2 . . . . . . . . . . . . . Rewire 244 | . . . . . . 1 . . . . . . . 1 1 128 . . . . . 34 72 . . . 7 . . Trap . | . . . . . . . . . . . . . . . . . . . . . . . . . . . . . . Miscellaneous 46 | . 36 10 . . . . . . . . . . . . . . . . . . . . . . . . . . . Route ------- -11/Scrapyard -10/Materials -10/Mines -9/Materials -9/Mines -9/Exiles -8/Mines -8/Materials -7/Factory (discovered 2 exits: *Low x2) -7/Lower Caves -7/Lower Caves (discovered 2 exits: *Fac / [*Zio]) -7/Zion -6/Proximity Caves -6/Factory -6/Waste -6/Factory -6/Extension (discovered 2 exits: *Fac / *Cet) -6/Cetus (discovered 2 exits: *Fac / *Arc) -6/Archives (discovered 2 exits: *Hub x2) -6/Hub_04(d) -5/Factory -5/Upper Caves -5/Upper Caves -5/Warlord -4/Proximity Caves -4/Factory (discovered 2 exits: *Res x2) -3/Research -3/Armory (discovered 2 exits: *Res x2) -2/Research (discovered 2 exits: *Acc x2) -1/Access History --------- Turn | Location | Event 10 | -11/Scrapyard | Discovered new exit (range 15) 103 | -11/Scrapyard | Entered Materials 201 | -10/Materials | Discovered new exit (range 9) 314 | -10/Materials | Build established: Mutant 364 | -10/Materials | Entered Mines 707 | -10/Mines | Assembled infested the area 709 | -10/Mines | Discovered new exit (range 8) 712 | -10/Mines | Assisted by a Guerilla fighting off Assembled 722 | -10/Mines | Entered Materials 722 | -9/Materials | Evolved 2 slots: Propulsion x2 750 | -9/Materials | Lost 5 parts (1p2n2w) 770 | -9/Materials | Discovered new exit (range 15) 800 | -9/Materials | Entered Mines 836 | -9/Mines | Deemed a non-threat by the Exiles lab entrance 836 | -9/Mines | Discovered new exit (range 5) 838 | -9/Mines | Entered Exiles 838 | -9/Exiles | Found Exiles lab abandoned 849 | -9/Exiles | Lost 5 parts (1p3n1w) 994 | -9/Exiles | Discovered new exit (range 11) 1003 | -9/Exiles | Entered Mines 1022 | -8/Mines | Found a Scrap Suit stashed away for nefarious purposes 1023 | -8/Mines | Found Scrap Suit 1445 | -8/Mines | Discovered new exit (range 12) 1507 | -8/Mines | Entered Materials 1507 | -8/Materials | Evolved 2 slots: Utility x2 1695 | -8/Materials | Repaired Imp. Terrain Scanner 1827 | -8/Materials | Discovered new exit (range 16) 2155 | -8/Materials | Entered Factory 2155 | -7/Factory | Evolved 2 slots: Utility x2 2452 | -7/Factory | Build established: Hacker-Mutant 3170 | -7/Factory | Identified exit to Lower Caves 3390 | -7/Factory | Entered Lower Caves 3461 | -7/Lower Caves | Crushed by falling debris 3492 | -7/Lower Caves | Lost 4 parts (1p3u) 3579 | -7/Lower Caves | Learned Factory stockpile data 3746 | -7/Lower Caves | Build established: Mutant 4125 | -7/Lower Caves | Discovered new exit (range 5) 4130 | -7/Lower Caves | Entered another Lower Caves area 4398 | -7/Lower Caves | Discovered new exit (range 7) 4812 | -7/Lower Caves | Attracted the attention of an 0b10 checkpoint 4867 | -7/Lower Caves | Encountered a Warlord checkpoint 4879 | -7/Lower Caves | Learned location of 1 exit from Proximity Caves 4953 | -7/Lower Caves | Discovered new exit (range 11) 5068 | -7/Lower Caves | Entered Zion 5072 | -7/Zion | Build established: Scavenger-Mutant 5124 | -7/Zion | System corruption cleaned by Quarantine Array 5200 | -7/Zion | Given the Hacking Drone Bay 5202 | -7/Zion | Found Prototype Device 5419 | -7/Zion | Acquired unknown access codes intercepted by a Zionite 5604 | -7/Zion | Build established: Scavenger-Skirmisher 5834 | -7/Zion | Given A8's code to call for help 5975 | -7/Zion | Met Imprinter 5996 | -7/Zion | Imprinted 5998 | -7/Zion | Declared Zion's savior 6299 | -7/Zion | Discovered new exit (range 10) 6349 | -7/Zion | Entered Proximity Caves 6349 | -6/Proximity Caves | Accompanied by 4 allies 6350 | -6/Proximity Caves | Identified exit to Factory 6615 | -6/Proximity Caves | Learned location of 1 exit from Factory 6652 | -6/Proximity Caves | Learned Factory machine intel 6864 | -6/Proximity Caves | Entered Factory 6864 | -6/Factory | Accompanied by 2 allies 6864 | -6/Factory | Evolved 2 slots: Power x1, Propulsion x1 6865 | -6/Factory | Identified exit to Extension 6867 | -6/Factory | Loaded intel: 294 machine locations 6924 | -6/Factory | Zion Fire squad teleported in 6982 | -6/Factory | Sucked down chute 6982 | -6/Factory | Entered Waste 6982 | -6/Waste | The area was eerily silent 7102 | -6/Waste | 5 allies followed down the chute 7192 | -6/Waste | Discovered new exit (range 11) 7346 | -6/Waste | Entered Factory 7346 | -6/Factory | Accompanied by 5 allies 7517 | -6/Factory | Lost 5 allies 7594 | -6/Factory | Lost 8 parts (2p2n2u2w) 7604 | -6/Factory | Enhanced Grunt warped into view, answering call for help 7604 | -6/Factory | Enhanced Grunt warped into view, answering call for help 7833 | -6/Factory | Discovered exit to Extension (range 5) 7837 | -6/Factory | Lost 3 parts (2n1w) 7893 | -6/Factory | Entered Extension 7893 | -6/Extension | Accompanied by 2 allies 8035 | -6/Extension | Rescued a captive Derelict 8036 | -6/Extension | Rescued a captive Derelict 8126 | -6/Extension | Zion Heavy squad teleported in 8154 | -6/Extension | Build established: Skirmisher 8208 | -6/Extension | Zion Light squad teleported in 8210 | -6/Extension | Rescued a captive Derelict 8212 | -6/Extension | Rescued a captive Derelict 8247 | -6/Extension | Retrieved Zion intel report: Unaware Analyses 8255 | -6/Extension | Rescued a captive Derelict 8437 | -6/Extension | Crushed by falling debris 8440 | -6/Extension | Crushed by falling debris 8471 | -6/Extension | Lost 3 parts (2p1u) 8504 | -6/Extension | Lost 3 allies 8523 | -6/Extension | Identified Hacking Drone Bay 8527 | -6/Extension | Rescued a captive Derelict 8528 | -6/Extension | Rescued a captive Derelict 8647 | -6/Extension | Rescued a captive Derelict 8685 | -6/Extension | Rescued a captive Derelict 8686 | -6/Extension | Rescued a captive Derelict 8696 | -6/Extension | Lost 3 allies 8735 | -6/Extension | Core integrity fell below 50% 8844 | -6/Extension | Lost 10 allies 8863 | -6/Extension | Rescued A7 8991 | -6/Extension | Discovered new exit (range 13) 9000 | -6/Extension | Discovered new exit (range 10) 9015 | -6/Extension | Identified exit to Factory 9026 | -6/Extension | Identified exit to Cetus 9056 | -6/Extension | Entered Cetus 9056 | -6/Cetus | Accompanied by 12 allies (A7) 9061 | -6/Cetus | Acquired a Cetus Manufacturing Module code from A7 9088 | -6/Cetus | Spotted Cetus Guard 9088 | -6/Cetus | Spotted Cetus Guard 9092 | -6/Cetus | Spotted Cetus Guard 9092 | -6/Cetus | Spotted Cetus Guard 9096 | -6/Cetus | Allies destroyed Cetus Guard 9096 | -6/Cetus | Destroyed Cetus Guard 9115 | -6/Cetus | Allies destroyed Cetus Guard 9115 | -6/Cetus | Allies destroyed Cetus Guard 9144 | -6/Cetus | Lost 4 allies 9171 | -6/Cetus | Started Cetus Manufacturing Module 9196 | -6/Cetus | Manufactured an Enhanced Grunt 9200 | -6/Cetus | Escorted A7 to Cetus Mainframe 9221 | -6/Cetus | Manufactured an Enhanced Grunt 9221 | -6/Cetus | Discovered new exit (range 18) 9246 | -6/Cetus | Manufactured an Enhanced Grunt 9256 | -6/Cetus | Identified exit to Archives 9271 | -6/Cetus | Manufactured an Enhanced Grunt 9296 | -6/Cetus | Manufactured an Enhanced Grunt 9407 | -6/Cetus | Spotted Cetus Guard 9408 | -6/Cetus | Spotted Cetus Guard 9411 | -6/Cetus | Spotted Cetus Guard 9416 | -6/Cetus | Allies destroyed Cetus Guard 9416 | -6/Cetus | Spotted Cetus Guard 9427 | -6/Cetus | Allies destroyed Cetus Guard 9434 | -6/Cetus | Allies destroyed Cetus Guard 9436 | -6/Cetus | Allies destroyed Cetus Guard 9440 | -6/Cetus | Discovered exit to Factory (range 18) 9451 | -6/Cetus | Scared off Revision 17 9532 | -6/Cetus | Build established: Commander-Skirmisher 9549 | -6/Cetus | Entered Archives 9549 | -6/Archives | Accompanied by 11 allies (A7) 9554 | -6/Archives | Received a hacking code to weaken MAIN.C 9584 | -6/Archives | Discovered new exit (range 18) 9588 | -6/Archives | Unable to access archive contents 9615 | -6/Archives | Identified exit to Hub_04(d) 9638 | -6/Archives | Discovered exit to Hub_04(d) (range 17) 9762 | -6/Archives | Entered Hub_04(d) 9762 | -6/Hub_04(d) | Accompanied by 9 allies 9826 | -6/Hub_04(d) | Zion Fire squad teleported in 9892 | -6/Hub_04(d) | Discovered exit to Factory (range 6) 9925 | -6/Hub_04(d) | Retrieved Zion intel report: Depthwide Sectors/-5 9969 | -6/Hub_04(d) | Retrieved Zion intel report: Guard Positions 10006 | -6/Hub_04(d) | Lost 5 allies 10010 | -6/Hub_04(d) | Entered Factory 10010 | -5/Factory | Accompanied by 3 allies 10010 | -5/Factory | Evolved 2 slots: Utility x2 10101 | -5/Factory | Zion Recon squad teleported in 10165 | -5/Factory | Build established: Scavenger-Skirmisher 10205 | -5/Factory | Repaired Myomer Leg 10235 | -5/Factory | Lost 3 allies 10460 | -5/Factory | Discovered new exit (range 35) 10525 | -5/Factory | Identified exit to Upper Caves 10535 | -5/Factory | Entered Upper Caves 10831 | -5/Upper Caves | Attracted the attention of an 0b10 checkpoint 11034 | -5/Upper Caves | Discovered new exit (range 22) 11090 | -5/Upper Caves | Identified exit to Upper Caves 11091 | -5/Upper Caves | Entered another Upper Caves area 11104 | -5/Upper Caves | Attacked by a delusional Derelict stockpiling parts 11192 | -5/Upper Caves | Found Alien Artifact 11192 | -5/Upper Caves | Identified Dimensional Node Initializer 11192 | -5/Upper Caves | Initialized slip node 11417 | -5/Upper Caves | Build established: Scavenger-Mutant 11513 | -5/Upper Caves | Lost 3 parts (1p1n1u) 11531 | -5/Upper Caves | Learned location of 1 exit from Factory 11562 | -5/Upper Caves | Spotted B-75 Beast 11598 | -5/Upper Caves | Destroyed B-75 Beast 11655 | -5/Upper Caves | Lost 6 parts (1p2n1u2w) 11711 | -5/Upper Caves | Learned Factory terminal intel 11836 | -5/Upper Caves | Attacked by a delusional Derelict stockpiling Unaware 12015 | -5/Upper Caves | Discovered new exit (range 7) 12025 | -5/Upper Caves | Identified exit to Warlord 12126 | -5/Upper Caves | Entered Warlord 12126 | -5/Warlord | Accompanied by 3 allies 12220 | -5/Warlord | System corruption cleaned by Quarantine Array 12816 | -5/Warlord | Learned Armory security intel 12816 | -5/Warlord | Learned Factory terminal intel 12816 | -5/Warlord | Learned Armory terminal intel 12819 | -5/Warlord | Learned location of Armory (-3) 12819 | -5/Warlord | Learned Testing emergency access door positions 12930 | -5/Warlord | Build established: Commander-Mutant 13323 | -5/Warlord | Warlord's base attacked by MAIN.C 13429 | -5/Warlord | Met EX-DEC 13438 | -5/Warlord | Found Prototype Energy Gun 13438 | -5/Warlord | Identified Vortex Shotgun 13442 | -5/Warlord | Found Vortex Shotgun 13673 | -5/Warlord | Warlord forces counterattacked 13737 | -5/Warlord | Opened side exit 13787 | -5/Warlord | Discovered new exit (range 8) 13800 | -5/Warlord | Identified exit to Proximity Caves 13823 | -5/Warlord | Entered Proximity Caves 13823 | -4/Proximity Caves | Accompanied by 1 ally 13938 | -4/Proximity Caves | Build established: Scavenger-Mutant 14301 | -4/Proximity Caves | Learned location of Quarantine (-2) 14684 | -4/Proximity Caves | Attracted the attention of an 0b10 base 15136 | -4/Proximity Caves | Received a Behemoth hack from an annoying Tinkerer 15294 | -4/Proximity Caves | Discovered new exit (range 12) 15362 | -4/Proximity Caves | Identified exit to Factory 15363 | -4/Proximity Caves | Entered Factory 15363 | -4/Factory | Evolved 2 slots: Propulsion x1, Utility x1 15364 | -4/Factory | Identified exit to Research 15365 | -4/Factory | Loaded intel: 26 terminal locations 15576 | -4/Factory | Zion Heavy squad teleported in 15832 | -4/Factory | Discovered exit to Research (range 12) 15883 | -4/Factory | Zion Thermal Resupply teleported in 15973 | -4/Factory | Entered Research 15973 | -3/Research | Accompanied by 3 allies 15973 | -3/Research | Evolved 2 slots: Propulsion x1, Utility x1 16260 | -3/Research | Retrieved Zion intel report: Emergency Access 16318 | -3/Research | Zion Heavy squad teleported in 16548 | -3/Research | Found Unknown Protection 16548 | -3/Research | Identified Hvy. Insulated Plating 16760 | -3/Research | Discovered new exit (range 11) 16776 | -3/Research | Identified exit to Armory 16779 | -3/Research | Entered Armory 16780 | -3/Armory | Met VL-GR5, who suggested a friendly competition 16781 | -3/Armory | Loaded intel: 13 terminal locations 16797 | -3/Armory | Zion hero teleported in (7V-RTL) 16809 | -3/Armory | Lost 7 parts (1p3n2u1w) 16929 | -3/Armory | Zion Fire squad teleported in 16955 | -3/Armory | Retrieved Zion intel report: Main Access 16955 | -3/Armory | Identified exit to Research 17029 | -3/Armory | P-80 Master assimilated allied Veteran 8a 17094 | -3/Armory | Lost 7 allies 17142 | -3/Armory | Lost 3 parts (1p1u1w) 17161 | -3/Armory | Found Prototype Processor 17161 | -3/Armory | Identified Exp. Targeting Computer 17246 | -3/Armory | Zion Light squad teleported in 17334 | -3/Armory | Lost 3 allies 17342 | -3/Armory | Core integrity fell below 50% 17400 | -3/Armory | Lost 12 parts (4p6n2u) 17405 | -3/Armory | Entered Research 17405 | -2/Research | Evolved 2 slots: Propulsion x2 17406 | -2/Research | Identified exit to Access 17633 | -2/Research | Build established: Hacker-Mutant 17751 | -2/Research | System corruption reached 10% 17784 | -2/Research | Zion Heavy squad teleported in 17811 | -2/Research | Lost 10 parts (2p4n2u2w) 18066 | -2/Research | Destroyed 7 combat bots 18089 | -2/Research | Core integrity fell below 50% 18119 | -2/Research | Discovered exit to Access (range 7) 18124 | -2/Research | Entered Access 18124 | -1/Access | Evolved 2 slots: Power x1, Utility x1 18141 | -1/Access | Lost 6 parts (4n2u) 18146 | -1/Access | Zion Demo squad teleported in 18293 | -1/Access | Zion Heavy squad teleported in 18478 | -1/Access | Lost 6 parts (2p1n2u1w) 18499 | -1/Access | Spotted B-99 Colossus 18503 | -1/Access | Befriended a Behemoth using the annoying Tinkerer's hack 18531 | -1/Access | Lost 6 parts (1n4u1w) 18928 | -1/Access | Spotted B-99 Colossus 18930 | -1/Access | Befriended a Behemoth using the annoying Tinkerer's hack 18995 | -1/Access | Spotted B-99 Colossus 19037 | -1/Access | Core integrity fell below 50% 19061 | -1/Access | Core integrity fell below 20% 19065 | -1/Access | Destroyed by H-88 Terminator with KE Penetrator Last Messages --------------- B-99 Colossus exits siege mode. Slug penetrates G-73 Enforcer. Slug penetrates Sealed Heavy Doors. R-10 Processor collects Adv. Remote Datajack. Slug penetrates Sealed Heavy Doors. Med. Storage Unit destroyed. G-73 Enforcer destroyed. Slug penetrates Sealed Heavy Doors. Penetrated by Slug. Slug penetrates G-73 Enforcer. Penetrated by Slug. Hvy. Machine Gun destroyed. Slug penetrates Sealed Heavy Doors. Slug penetrates H-88 Terminator. Penetrated by Slug. Slug penetrates Sealed Heavy Doors. Penetrated by Slug. Slug penetrates Sealed Heavy Doors. Critical hit (Burn: +37). Slug penetrates Sealed Heavy Doors. Map ----- +----------------------------------------------------+ | # ##+###+#### ##########+################### | | # % | | # | | # ###% ###################|!############## | | # #?# #??????############*%############## ## | | #+### #????????????????## =###????????? # # | | ## #???????????????### "##?? ???? # # | | ## #????##############! ###?? ???? # # | | ## ##################= ! ##?? ???? # # | | " + !%! ##?? "??? # # | | # !%! ##?? """ # + | | # ##################### ##?? " # # | | # #???????##################### ? # # | | # #??????????????????########## ? # # | | # #??????????????????????????## " ? # # | | #### #??????????????????????????## """ # # | | ???# #??????????????????########## """ # # | | ???# #######"???????????########## " + ## | | ???# """T""""???????????"" # # ## | | ???# %""" """"????????????" " # ## | | ???# "????????????" ";######## ## | | ???# "????????????" % | | ???# "????????????" % | | ???# "????????????" R | | ???# "??????????"""hgBB | | ???# "??????????"@%% BB ###########/#### | | ???# "??????????"""% g g #### | | ???# "???????????""% Y ##???????? ??? | | ???# #######"???????????###########??????? "" ?? | | ???# #??????????????????###########??????? """?? | | ##?# #??????????????????????????????????? S" ? | | # #??????????????????????????????????? """ ? | | # #?????????????????????????????????? ""? | | + #?????????????????????????????????? ??? | | # #????????????????????????????????? ???? | | # #????????????????????????????????? ???? | | " ?# #???????????????????????????????? ????? | | ?# #???????????????????????????????? ????? | | ??# #?????????????????????????????????/####????? | | #??# #??????????????????????#####?????? ####????? | | ???# ##########???????????### # #############???? | | #### # ! #???????????# #???? | | # =! #??????????## #???? | | # = #??????????# "" #???? | | +### # #??????????# ! "" #???? | | ## # #??????????# "T #???? | | ## # #??????????# "" #???? | | ## + #??????????# "" #???? | | ## # #??????????# #???? | | ## # #????????### #???? | +----------------------------------------------------+ Best States ------------- Heat Dissipation 122 Energy Generation 55 Energy Capacity 790 Matter Stores 300 Matter Capacity 300 Sight Range 22 Robot Scan Range 16 Terrain Scan Range 24 Terrain Scan Density 210 ECM Strength 1 Cloak Strength 2 Base Temperature (-) 200 Armor Coverage 600 Resistance: KI 20 Resistance: TH 45 Resistance: EX 20 Resistance: EM 50 Resistance: I 20 Resistance: S 20 Resistance: P 20 Core Shielding 30 Propulsion Shielding 66 Utility Shielding 66 Evasion (%) 70 Targeting Accuracy 12 Target Analysis 8 Core Analysis 9 Recoil Reduction 1 Offensive Hacking 20 Defensive Hacking 24 Item Schematics ----------------- Remote Datajack | -7/Zion | Archive Imp. Hardlight Generator | -7/Zion | Archive Lgt. Fission Core | -7/Zion | Archive Coolant Injector | -7/Zion | Archive IFF Parser | -7/Zion | Archive Hvy. Ion Cannon | -7/Zion | Archive Neutrino Core | -7/Zion | Archive Lyr. Medium Armor Plating | -7/Zion | Archive Flak Gun | -7/Zion | Archive Adv. Terrain Scan Processor | -7/Zion | Archive Imp. Trap Scanner | -7/Zion | Archive Lightning Gun | -7/Zion | Archive Adv. Terrain Scanner | -7/Zion | Archive Lyr. Heavy Armor Plating | -7/Zion | Archive Robot Schematics ------------------ T-07 Excavator | -7/Zion | Archive S-27 Virus | -7/Zion | Archive X-82 Rainmaker | -7/Zion | Archive Fabricated ------------ Nothing Repaired ---------- Imp. Terrain Scanner | 36% | -8/Materials Myomer Leg | 22% | -5/Factory Alien Tech Used ----------------- Dimensional Node Initializer Achievements -------------- Heroic Deeds Challenges ------------ None Game ------ Seed DeepImpulseScrap Manual? 0 Play Time 02:45:31 Cumulative 136.8 hours Start 2025.08.09 @ 21:37:33 End 2025.08.12 @ 21:20:17 Sessions 7 Manual Loads 0 Difficulty Adventurer Special Mode None Game No. 109 Rogue 0 Adventurer 109 Explorer 0 Win Type - Total 4 Types 3/0/0/1/0/0/0/0/0/0 Lore% 58 Gallery% 59 Achievement% 57 Wizard Run 0 Options --------- Layout 1 ASCII 0 Keyboard 0 Movement Mouse Keybinds 0 Fullscreen 1 Font 24/Smallcaps Map View 50x35 Zoom Use 0% Tactical HUD 0 Map Filters NONE Filters NONE Steam 1 RUN: 222cc5c7-feea-4688-b5fb-875a58f7d6ce